[Event "Early-Titled-Tuesday-Blitz-February-13-2024"]
[Site "Chess.com"]
[Date "2024.02.13"]
[Round "11"]
[White "Yaacovn"]
[Black "AlexPapasimakopoulos"]
[Result "0-1"]
[WhiteElo "2912"]
[BlackElo "2754"]
[TimeControl "180+1"]
[EndTime "10:08:02 PST"]
[Termination "AlexPapasimakopoulos won by resignation"]

1. d4 d5 2. e3 Bf5 3. c4 e6 4.
Qb3 b6 5. Nc3 c6 6. cxd5 exd5 7.
Nf3 Bd6 8. Ne5 Ne7 9. e4 Be6 10. exd5 Nxd5 11. Bc4 O-O 12. O-O Nxc3 13. bxc3 Bxc4 14.
Nxc4 Bc7 15. Ba3 Re8 16. Rae1 Nd7 17. f4 Rxe1 18. Rxe1 Bxf4 19. Re7 c5 20. Rxf7 Qh4 21. Rxf4 Qxf4 22. Ne5+ Kh8 23. Nf7+ Kg8 24. Qd5 Qe3+ 25. Kf1 Rf8 0-1

[Event "Early-Titled-Tuesday-Blitz-February-13-2024"]
[Site "Chess.com"]
[Date "2024.02.13"]
[Round "11"]
[White "KacperKacprzak"]
[Black "sotochess"]
[Result "0-1"]
[WhiteElo "2714"]
[BlackElo "2584"]
[TimeControl "180+1"]
[EndTime "10:08:02 PST"]
[Termination "sotochess won by resignation"]

1. e4 d5 2. exd5 Qxd5 3. Nc3 Qa5 4. d4 Nf6 5. Bc4 c6 6. Nf3 Bg4 7. h3 Bh5 8. g4 Bg6 9. Ne5 Nbd7 10. Qe2 Nxe5 11.
dxe5 Ne4 12. Bd2 Nxd2 13. Kxd2 O-O-O+ 14. Ke1 e6 15. Kf1 h5 16. Kg2 Ba3 17. Nd1 Be7 18. c3 hxg4 19. hxg4 Rxh1 20. Kxh1 Bg5 21. b4 Qc7 22.
Kg2 Rd2 23. Qe1 Qd8 24. Ne3 Be4+ 25. Kg1 Bh4 26. Nd1 Bf3 27. Bb3 Bxg4 28. Ne3 Bxf2+ 29. Qxf2 Rxf2 30. Kxf2 Qd2+ 31. Kg3 Bh5 32. Nc2 Qxc3+ 33.
Kh2 Bg6 34. Rc1 Qd2+ 0-1

[Event "Early-Titled-Tuesday-Blitz-February-13-2024"]
[Site "Chess.com"]
[Date "2024.02.13"]
[Round "11"]
[White "FMCarmona"]
[Black "Slovineanu"]
[Result "0-1"]
[WhiteElo "2268"]
[BlackElo "2415"]
[TimeControl "180+1"]
[EndTime "10:08:03 PST"]
[Termination "Slovineanu won by resignation"]

1. e4 c6 2. d4 d5 3. e5 Bf5 4.
Ne2 e6 5. Ng3 Bg6 6. h4 h5 7. c3 Nd7 8. Be2 c5 9. Nxh5 Bxh5 10.
Bxh5 g6 11. Bf3 Rxh4 12. Rxh4 Qxh4 13. g3 Qh2 14. Be3 Ne7 15. g4 cxd4 16. cxd4 Nc6 17. Nc3 Nb6 18. Ke2 Nc4 19. Qb3 Nxe3 20. Kxe3 Bh6+ 0-1

[Event "Early-Titled-Tuesday-Blitz-February-13-2024"]
[Site "Chess.com"]
[Date "2024.02.13"]
[Round "11"]
[White "LiadCuba"]
[Black "baki83"]
[Result "0-1"]
[WhiteElo "2518"]
[BlackElo "2848"]
[TimeControl "180+1"]
[EndTime "10:08:07 PST"]
[Termination "baki83 won by resignation"]

1. d4 d5 2. c4 dxc4 3. Nf3 Nf6 4. e3 e6 5. Bxc4 a6 6. O-O c5 7. Qe2 b5 8. Bd3 Bb7 9. Nc3 Nbd7 10. Rd1 Qc7 11.
Bd2 Bd6 12. Rac1 c4 13. Bb1 O-O 14. h3 e5 15. dxe5 Nxe5 16. Nxe5 Bxe5 17. e4 Rfe8 18. Be3 Bxc3 19. Rxc3 Bxe4 20. Bxe4 Nxe4 21. Rcc1 Qe5 22. Rd7 Nxf2 23. Qf3 Qe6 24. Rc7 Nd3 25. Rf1 Qxe3+ 26. Qxe3 Rxe3 27. Rfxf7 Rg3 28. Kh2 Rg6 29. g4 h6 30. Kg3 Kh7 31. h4 Ne5 32. Rf4 Rg8 33.
Re4 Nd3 34. b3 cxb3 35. axb3 Rd6 36. g5 a5 37. Rb7 Nc5 0-1

[Event "Early-Titled-Tuesday-Blitz-February-13-2024"]
[Site "Chess.com"]
[Date "2024.02.13"]
[Round "11"]
[White "Njal28"]
[Black "kleinebeer98"]
[Result "1-0"]
[WhiteElo "3004"]
[BlackElo "2874"]
[TimeControl "180+1"]
[EndTime "10:08:09 PST"]
[Termination "Njal28 won on time"]

1. d4 Nf6 2. c4 a6 3. Nc3 b5 4. cxb5 axb5 5. Nxb5 e5 6. dxe5 Ne4 7. Nf3 Bb4+ 8. Bd2 Nxd2 9. Nxd2 O-O 10. a3 Bxd2+ 11. Qxd2 Nc6 12. e3 Bb7 13. Rc1 Nxe5 14. Qc3 Qf6 15.
Nxc7 Rac8 16. Nd5 Qe6 17. Nc7 Qf6 18. Be2 Bxg2 19. Rg1 Bf3 20. Nd5 Qe6 21. Qxc8 Bxe2 22. Qxf8+ 1-0

[Event "Early-Titled-Tuesday-Blitz-February-13-2024"]
[Site "Chess.com"]
[Date "2024.02.13"]
[Round "11"]
[White "FairChess_on_YouTube"]
[Black "Sam_ChessMood"]
[Result "1-0"]
[WhiteElo "3083"]
[BlackElo "2932"]
[TimeControl "180+1"]
[EndTime "10:08:09 PST"]
[Termination "FairChess_on_YouTube won by resignation"]

1. e4 c5 2. Nf3 d6 3. d4 cxd4 4. Qxd4 Nc6 5. Bb5 Bd7 6. Qd3 Nf6 7. O-O g6 8. c4 Bg7 9. Nc3 O-O 10. h3 a6 11. Bxc6 Bxc6 12. Nd4 Qb6 13. Rd1 Nd7 14. Be3 Qxb2 15. Rab1 Qa3 16. Nxc6 bxc6 17. Nd5 Qxd3 18. Nxe7+ Kh8 19. Rxd3 Ne5 20. Rxd6 Rfe8 21.
Nxc6 Nxc4 22. Rd7 Nxe3 23. fxe3 Rac8 24. Ne7 Rb8 25. Rf1 f6 26. Rc1 Bh6 27. Nd5 Rbc8 28. Rxc8 Rxc8 29. Nxf6 Bg7 30. e5 1-0

[Event "Early-Titled-Tuesday-Blitz-February-13-2024"]
[Site "Chess.com"]
[Date "2024.02.13"]
[Round "11"]
[White "kikoveiga"]
[Black "Helenita13"]
[Result "0-1"]
[WhiteElo "2521"]
[BlackElo "2434"]
[TimeControl "180+1"]
[EndTime "10:08:19 PST"]
[Termination "Helenita13 won by resignation"]

1. c4 e5 2. a3 c6 3. Nf3 e4 4. Nd4 d5 5. e3 Nf6 6. cxd5 cxd5 7. d3 Bd6 8. dxe4 Nxe4 9. Nd2 O-O 10. Bd3 Nc5 11.
Bc2 Nc6 12. N2f3 Ne4 13. O-O Bg4 14. Nxc6 bxc6 15. h3 Bh5 16. g4 Bg6 17. Nd4 Qh4 18. Kg2 h5 19. Nf5 Bxf5 20. gxf5 Qg5+ 21. Kh1 Qxf5 22.
Kg2 Qg5+ 23. Kh1 Qh4 24. Kg2 Rae8 25. Bxe4 Rxe4 26. f4 Re6 27. Rf3 Rg6+ 28. Kf1 Rg3 29. Bd2 Qxh3+ 30. Ke2 Rxf3 31. Qg1 Rg3 0-1

[Event "Early-Titled-Tuesday-Blitz-February-13-2024"]
[Site "Chess.com"]
[Date "2024.02.13"]
[Round "11"]
[White "wqws"]
[Black "andrzej"]
[Result "1-0"]
[WhiteElo "2667"]
[BlackElo "2508"]
[TimeControl "180+1"]
[EndTime "10:08:20 PST"]
[Termination "wqws won on time"]

1. e4 e5 2. Nf3 Nf6 3. d4 Nxe4 4. Bd3 d5 5. Nxe5 Bd6 6. O-O O-O 7. Nc3 Nxc3 8. bxc3 Nd7 9. f4 c5 10. g4 c4 11. Be2 Nf6 12. Bf3 Qc7 13. Qe2 Re8 14.
Qg2 b5 15. f5 Bxe5 16. dxe5 Qxe5 17. Bd2 Bb7 18. Rae1 Ne4 19. Bxe4 dxe4 20. Be3 Qxc3 21. f6 Re6 22. fxg7 Rg6 23. h3 h5 24. g5 Rxg7 25.
Qf2 Rd8 26. Rd1 Qa5 27. Qf6 Rxd1 28. Rxd1 Kh7 29. Qf5+ Kg8 30. Qf6 Kh7 31. Bd4 1-0

[Event "Early-Titled-Tuesday-Blitz-February-13-2024"]
[Site "Chess.com"]
[Date "2024.02.13"]
[Round "11"]
[White "RantomOpening"]
[Black "Fh2411"]
[Result "1-0"]
[WhiteElo "2497"]
[BlackElo "2609"]
[TimeControl "180+1"]
[EndTime "10:08:21 PST"]
[Termination "RantomOpening won by resignation"]

1. c4 c6 2. Nf3 d5 3. e3 Nf6 4. Nc3 a6 5. b3 Bf5 6. Bb2 e6 7.
d4 Nbd7 8. Bd3 Bg6 9. O-O Be7 10. Ne2 O-O 11. Nf4 b5 12. c5 a5 13. a4 b4 14.
Bxg6 hxg6 15. Nd3 Qc7 16. Nfe5 Nxe5 17. Nxe5 Nd7 18. f4 Nf6 19. Rf3 Ne4 20. Rh3 Rfc8 21.
Qg4 Bf6 22. Nf3 Kf8 23. Rh7 Ke7 24. Qh3 Qb8 25. g4 g5 26. fxg5 Nxg5 27. Nxg5 Bxg5 28.
Rf1 Rg8 29. Bc1 f6 30. e4 Bxc1 31. Rxc1 Qf4 32. Re1 dxe4 33. Qg2 Rad8 34. Qxe4 Rxd4 35. Qxe6+ Kd8 36. Qxg8+ Kc7 37. Rxg7+ 1-0

[Event "Early-Titled-Tuesday-Blitz-February-13-2024"]
[Site "Chess.com"]
[Date "2024.02.13"]
[Round "11"]
[White "ural58"]
[Black "Rurep26"]
[Result "1-0"]
[WhiteElo "2528"]
[BlackElo "2701"]
[TimeControl "180+1"]
[EndTime "10:08:23 PST"]
[Termination "ural58 won by resignation"]

1. e4 c6 2. Nf3 d5 3. Nc3 dxe4 4. Nxe4 Nf6 5. Qe2 Nxe4 6. Qxe4 Nd7 7. d4 Nf6 8. Qd3 Bg4 9. Ne5 Bh5 10. Bd2 e6 11. f3 Bd6 12. O-O-O Qc7 13. Nc4 Bf4 14. Qa3 Bxd2+ 15.
Rxd2 Qe7 16. Nd6+ Kf8 17. Nxb7 Qxa3 18. bxa3 Ke7 19. Na5 Rac8 20. Ba6 Rc7 21. Re1 Rb8 22. Re5 Bg6 23. Rc5 Kd7 24. Bd3 Nd5 25. Bxg6 hxg6 26.
g3 Rb5 27. Nb3 Rxc5 28. Nxc5+ Ke7 29. c4 Nb6 30. Rc2 Rc8 31. a4 Rd8 32. a5 Nc8 33. Nb3 Nd6 34. Kb2 Nf5 35. Kc3 g5 36. Nc5 Nxd4 37. Rb2 Nxf3 38. Rb7+ Kf6 39. Nd7+ Kf5 40.
Rxa7 Nxh2 41. a6 Nf1 42. g4+ Kxg4 43. Ne5+ Kf4 44. Nxc6 Rd1 45. Rxf7+ Ke3 46. a7 Rc1+ 47. Kb2 Rxc4 48. a8=Q 1-0

[Event "Early-Titled-Tuesday-Blitz-February-13-2024"]
[Site "Chess.com"]
[Date "2024.02.13"]
[Round "11"]
[White "KorolDimitriy75"]
[Black "xakevicius91"]
[Result "0-1"]
[WhiteElo "2421"]
[BlackElo "2542"]
[TimeControl "180+1"]
[EndTime "10:08:25 PST"]
[Termination "xakevicius91 won by resignation"]

1. d4 Nf6 2. c4 g6 3. Nc3 Bg7 4. e4 d6 5. Nf3 O-O 6. Be2 Bg4 7.
Be3 Nc6 8. Rc1 Bxf3 9. Bxf3 e5 10. d5 Nd4 11. Bxd4 exd4 12. Nb5 Re8 13. O-O Nxe4 14. Nxd4 a5 15. Rc2 Nc5 16. Nb5 Rc8 17. b3 Qg5 18. Re1 Rxe1+ 19. Qxe1 Be5 20. g3 f5 21. Bg2 f4 22.
Bh3 fxg3 23. Bxc8 gxf2+ 24. Kxf2 Nd3+ 25. Ke2 Nxe1 26. Kxe1 Qg1+ 27. Kd2 Qxh2+ 28. Kd3 Qg3+ 29. Kd2 Qf2+ 30. Kd3 Qf3+ 31. Kd2 Bf4+ 32. Ke1 Qh1+ 33. Ke2 Qg2+ 34. Kd3 Qf3+ 0-1

[Event "Early-Titled-Tuesday-Blitz-February-13-2024"]
[Site "Chess.com"]
[Date "2024.02.13"]
[Round "11"]
[White "MatthewG-p4p"]
[Black "Jospem"]
[Result "1-0"]
[WhiteElo "2852"]
[BlackElo "3030"]
[TimeControl "180+1"]
[EndTime "10:08:26 PST"]
[Termination "MatthewG-p4p won by resignation"]

1. f4 g6 2. Nf3 Bg7 3. g3 Nc6 4.
Bg2 Nh6 5. O-O d5 6. d3 O-O 7. e4 dxe4 8. dxe4 e5 9. Nc3 exf4 10. Bxf4 Ng4 11. Nd5 Nge5 12. c3 Bg4 13. Qb3 Bxf3 14. Bxf3 Nxf3+ 15. Rxf3 Ne5 16. Bxe5 Bxe5 17. Rd1 Qg5 18.
Qxb7 Rab8 19. Qxa7 Rxb2 20. Rf2 Qg4 21. Ne3 Qxd1+ 22. Nxd1 Rb1 23. Rf1 Rd8 24. Ne3 Rb5 25. Nd5 Kg7 26. Nxc7 Kg8 27. Nxb5 Bd4+ 28. cxd4 Rd7 29.
Qxd7 Kg7 30. Qxf7+ Kh6 31. Nd6 1-0

[Event "Early-Titled-Tuesday-Blitz-February-13-2024"]
[Site "Chess.com"]
[Date "2024.02.13"]
[Round "11"]
[White "Crazy_girl99"]
[Black "mr_gustavo"]
[Result "0-1"]
[WhiteElo "2594"]
[BlackElo "2739"]
[TimeControl "180+1"]
[EndTime "10:08:27 PST"]
[Termination "mr_gustavo won by resignation"]

1. e4 c6 2. d4 d5 3. e5 c5 4.
dxc5 e6 5. Be3 Nd7 6. Nf3 Bxc5 7. Bxc5 Nxc5 8. Nbd2 Ne7 9. Bd3 h6 10. O-O O-O 11. Nd4 Nc6 12. N2f3 Bd7 13. Rc1 a5 14.
Re1 a4 15. Qd2 Qb6 16. Nxc6 bxc6 17. Rb1 Rfb8 18. a3 Bc8 19. h4 Ba6 20. Bxa6 Qxa6 21.
Qf4 Rb7 22. Nd4 Rab8 23. Re3 Rxb2 24. Rxb2 Rxb2 25. Rf3 Qa7 26. Nxc6 Qc7 27. Nd4 Ne4 28. Nxe6 fxe6 29. Qf8+ Kh7 30. Rf7 Qxe5 31. f4 Qd4+ 32. Kh2 Rxc2 33. Qe7 Rxg2+ 34. Kxg2 Qf2+ 0-1

[Event "Early-Titled-Tuesday-Blitz-February-13-2024"]
[Site "Chess.com"]
[Date "2024.02.13"]
[Round "11"]
[White "JonaszBaum"]
[Black "maciek_92"]
[Result "0-1"]
[WhiteElo "2649"]
[BlackElo "2809"]
[TimeControl "180+1"]
[EndTime "10:08:36 PST"]
[Termination "maciek_92 won by resignation"]

1. d4 f5 2. g3 Nf6 3. Bg2 g6 4. Nh3 Bg7 5. Nf4 d6 6. d5 c6 7. c4 e5 8. dxe6 Na6 9. h4 Nc5 10. h5 Nxe6 11. h6 Bf8 12. Nc3 Be7 13. b3 Nxf4 14. Bxf4 Be6 15. Qd2 Qa5 16. O-O Rd8 17.
Qe3 Kf7 18. Rad1 g5 19. Bxg5 Ng4 20. Qd2 Bxg5 21. Qxg5 Qxc3 22. e4 Qf6 23. Qxf6+ Nxf6 24. exf5 Bxf5 25. Rd4 Rhe8 26. Rfd1 Re2 27. Rf4 Bg6 28. g4 Ke7 29. g5 Nd7 30. Rfd4 Nc5 31. f4 Ne6 32. f5 Bxf5 33. Rh4 Rg8 0-1

[Event "Early-Titled-Tuesday-Blitz-February-13-2024"]
[Site "Chess.com"]
[Date "2024.02.13"]
[Round "11"]
[White "Zhigalko_Sergei"]
[Black "tusplingher"]
[Result "1-0"]
[WhiteElo "2924"]
[BlackElo "2486"]
[TimeControl "180+1"]
[EndTime "10:08:36 PST"]
[Termination "Zhigalko_Sergei won by resignation"]

1. g4 d5 2. Bg2 c6 3. g5 e5 4. d4 exd4 5. Qxd4 Be6 6. Nf3 Ne7 7. e4 dxe4 8. Qxe4 Nf5 9. O-O Be7 10. Nc3 O-O 11.
Bf4 Nd7 12. Rad1 Qc8 13. Rfe1 Nc5 14. Qe5 Nd7 15. Qe4 Nc5 16. Qe2 Rd8 17. h4 Rxd1 18.
Rxd1 Qe8 19. h5 Rd8 20. Re1 Nd4 21. Nxd4 Rxd4 22. Qe5 Rd8 23. h6 gxh6 24. gxh6 f6 25. Qe3 Qg6 26. b4 Kf7 27. bxc5 Qf5 28. Ne4 Rg8 29.
Ng3 Qg4 30. Bf3 Qh3 31. Bh5+ Kf8 32. Qxe6 1-0

[Event "Early-Titled-Tuesday-Blitz-February-13-2024"]
[Site "Chess.com"]
[Date "2024.02.13"]
[Round "11"]
[White "FredddieCroderg"]
[Black "MiguelEduardoGB"]
[Result "0-1"]
[WhiteElo "2281"]
[BlackElo "2163"]
[TimeControl "180+1"]
[EndTime "10:08:41 PST"]
[Termination "MiguelEduardoGB won by checkmate"]

1. e4 Nc6 2. Qe2 d6 3. c3 g6 4. h4 h5 5. Nh3 Bxh3 6. Rxh3 Bg7 7. d4 Nf6 8. e5 dxe5 9. dxe5 Ng4 10. e6 O-O 11.
exf7+ Rxf7 12. Rd3 Qf8 13. f3 Nge5 14. Rd1 Rxf3 15.
gxf3 Nxf3+ 16. Kf2 Nxh4+ 17. Kg1 Nf3+ 18. Kg2 Nh4+ 19.
Kh1 Ne5 20. Bg5 Nhf3 21. Be3 Qf5 22. Nd2 Rf8 23. Nxf3 Nxf3 24. Bg2 Qg4 25. Bxf3 Rxf3 26. Rd8+ Kh7 27. Bg1 Rh3+ 28. Qh2 Qf3# 0-1

[Event "Early-Titled-Tuesday-Blitz-February-13-2024"]
[Site "Chess.com"]
[Date "2024.02.13"]
[Round "11"]
[White "romulocardoso"]
[Black "Kostukov_Alex"]
[Result "1-0"]
[WhiteElo "2361"]
[BlackElo "2247"]
[TimeControl "180+1"]
[EndTime "10:08:43 PST"]
[Termination "romulocardoso won on time"]

1. e4 c5 2. Nf3 g6 3. d4 cxd4 4. Qxd4 Nf6 5. e5 Nc6 6. Qa4 Nd5 7. Qe4 Ndb4 8. Bb5 Qa5 9. Nc3 a6 10. Bc4 d5 11. exd6 Bf5 12. Qf4 Nxc2+ 13. Kd1 Nxa1 14. g4 e5 15. d7+ Kxd7 16. Qd2+ Bd6 17. gxf5 gxf5 18.
Qd5 Qxd5+ 19. Nxd5 Bc5 20. b4 b5 21. bxc5 bxc4 22.
Nb6+ Ke6 23. Nxa8 Rxa8 24. Bb2 Rd8+ 25. Kc1 Nd4 26. Nxd4+ exd4 27. Bxa1 Kd5 28. Re1 Kxc5 29. Re5+ Rd5 30. Re7 c3 31. Kc2 f6 32. Rxh7 Re5 33.
Rc7+ Kd6 34. Rc4 Kd5 35. Kd3 Re1 36. Rxd4+ Ke5 37. Bxc3 Rd1+ 38. Ke3 Ke6 39. Rxd1 1-0

[Event "Early-Titled-Tuesday-Blitz-February-13-2024"]
[Site "Chess.com"]
[Date "2024.02.13"]
[Round "11"]
[White "nj123456"]
[Black "DAVIDHDZSTS"]
[Result "1-0"]
[WhiteElo "2275"]
[BlackElo "1922"]
[TimeControl "180+1"]
[EndTime "10:08:43 PST"]
[Termination "nj123456 won by resignation"]

1. e4 c5 2. c3 e6 3. d4 cxd4 4. cxd4 d5 5. exd5 exd5 6. Nc3 Nf6 7. Nf3 Nc6 8. Bd3 Bd6 9. O-O O-O 10. h3 h6 11. a3 Be6 12. Re1 Qd7 13. Ne5 Qc7 14. Nb5 Qb8 15. Nxd6 Qxd6 16. Bf4 g5 17. Bg3 Qe7 18.
Nxc6 bxc6 19. Qf3 Nh7 20. Rac1 Qd7 21. Qh5 Bf5 22. Bxf5 Qxf5 23. Qxh6 Qg6 24. Qxg6+ fxg6 25. Rxc6 Nf6 26. Ree6 Ne4 27. Rxg6+ Kh7 28. Rh6+ Kg7 29. Be5+ Kf7 30. Rc7+ Ke8 31. Rhh7 Rxf2 32. Rce7+ Kd8 33. Bc7+ Kc8 34. Rh8+ Kb7 35. Bg3+ Kc6 1-0

[Event "Early-Titled-Tuesday-Blitz-February-13-2024"]
[Site "Chess.com"]
[Date "2024.02.13"]
[Round "11"]
[White "rachidhuilda"]
[Black "campochess"]
[Result "1-0"]
[WhiteElo "2321"]
[BlackElo "2146"]
[TimeControl "180+1"]
[EndTime "10:08:44 PST"]
[Termination "rachidhuilda won by resignation"]

1. d4 Nf6 2. Bg5 e6 3. e4 Be7 4. e5 Nd5 5. Bxe7 Qxe7 6. c4 Nb6 7. Nc3 d6 8. Nf3 O-O 9. Bd3 Nc6 10. Qe2 Bd7 11. O-O a6 12. Qe4 g6 13. Qf4 f5 14.
exd6 cxd6 15. Rfe1 Rad8 16. a3 Nc8 17. d5 Na5 18. dxe6 Bc6 19. Nd5 Qg7 20. e7 Nxe7 21.
Rxe7 Qxb2 22. Rae1 Bxd5 23. cxd5 Qc3 24. Qh6 Rf7 25. Rxf7 Kxf7 26. Ng5+ 1-0

[Event "Early-Titled-Tuesday-Blitz-February-13-2024"]
[Site "Chess.com"]
[Date "2024.02.13"]
[Round "11"]
[White "kakarot_001"]
[Black "stollenmonster"]
[Result "1-0"]
[WhiteElo "2677"]
[BlackElo "2869"]
[TimeControl "180+1"]
[EndTime "10:08:46 PST"]
[Termination "kakarot_001 won by resignation"]

1. e4 c5 2. Nf3 Nf6 3. e5 Nd5 4. Nc3 e6 5. Nxd5 exd5 6. d4 Nc6 7. dxc5 Bxc5 8. Qxd5 d6 9. exd6 Qb6 10. Qb3 Bxf2+ 11. Ke2 O-O 12. Qxb6 Bxb6 13. Bf4 Re8+ 14. Kd2 Bc5 15.
Bb5 Rd8 16. Rae1 Bxd6 17. Bxd6 Rxd6+ 18. Kc1 Be6 19. Bxc6 bxc6 20. Rd1 Rad8 21. Rxd6 Rxd6 22. Rd1 Rxd1+ 23. Kxd1 Bd5 24. Kd2 Bxf3 25. gxf3 g5 26. Kd3 Kg7 27. Kd4 f5 28. Ke5 Kg6 29. b4 g4 30.
fxg4 fxg4 31. Kf4 Kh5 32. c4 Kh4 33. c5 a6 34. a4 h5 35. b5 axb5 36. axb5 Kh3 37.
bxc6 Kxh2 38. c7 g3 39. c8=Q g2 40. Qh8 1-0

[Event "Early-Titled-Tuesday-Blitz-February-13-2024"]
[Site "Chess.com"]
[Date "2024.02.13"]
[Round "11"]
[White "Bauman_Guy"]
[Black "FoxOnTheRun97"]
[Result "1-0"]
[WhiteElo "2897"]
[BlackElo "2675"]
[TimeControl "180+1"]
[EndTime "10:08:47 PST"]
[Termination "Bauman_Guy won by checkmate"]

1. e4 c6 2. d4 d5 3. e5 Bf5 4. h3 e6 5. c3 c5 6. Be3 cxd4 7. cxd4 Nc6 8. Nc3 Nge7 9. Nf3 h6 10. a3 Bh7 11. g4 Nc8 12. Bg2 Nb6 13. b3 Rc8 14. Bd2 Bd3 15. Bf1 Bxf1 16. Kxf1 Be7 17.
Kg2 O-O 18. Ne2 Qd7 19. Nf4 f6 20. Ng6 Rf7 21. Re1 f5 22. g5 hxg5 23. Nxg5 Bxg5 24.
Bxg5 Qe8 25. Qh5 Rd7 26. Rad1 Nd8 27. Re3 Nf7 28. Rg3 Rc2 29. Bf6 Nh6 30. Bxg7 Rxg7 31. Qxh6 Nd7 32. Rdd3 Kf7 33. Nh8+ Qxh8 34. Qxh8 Rxg3+ 35.
Rxg3 Ke7 36. Rg7# 1-0

[Event "Early-Titled-Tuesday-Blitz-February-13-2024"]
[Site "Chess.com"]
[Date "2024.02.13"]
[Round "11"]
[White "Vaathi_Coming"]
[Black "lachesisQ"]
[Result "1-0"]
[WhiteElo "2926"]
[BlackElo "3047"]
[TimeControl "180+1"]
[EndTime "10:08:48 PST"]
[Termination "Vaathi_Coming won by resignation"]

1. Nf3 Nf6 2. d4 g6 3. c3 Bg7 4. Bf4 O-O 5. h3 d6 6. e3 Nbd7 7. Nbd2 b6 8. Be2 Bb7 9. O-O Re8 10. Bh2 e5 11. a4 a5 12. Qb3 h6 13. Rfd1 Qe7 14. Nc4 e4 15. Nfd2 g5 16. Na3 Bd5 17. Qc2 Be6 18. Nb5 Qd8 19. Nxe4 g4 20. Nxf6+ Nxf6 21. hxg4 Nxg4 22. Bg3 h5 23. e4 h4 24. Bf4 Qf6 25. Qd2 Nxf2 26. Bg5 Nh3+ 27. gxh3 Qg6 28. Kh2 Qxe4 29. Rg1 Bf5 30. Rae1 Bg6 31. Nxc7 Qf5 32. Bg4 1-0

[Event "Early-Titled-Tuesday-Blitz-February-13-2024"]
[Site "Chess.com"]
[Date "2024.02.13"]
[Round "11"]
[White "ValentinDragnev"]
[Black "ChristopherYoo"]
[Result "0-1"]
[WhiteElo "2755"]
[BlackElo "2962"]
[TimeControl "180+1"]
[EndTime "10:08:50 PST"]
[Termination "ChristopherYoo won by resignation"]

1. e4 e5 2. Nf3 Nc6 3. Bc4 Bc5 4.
d3 Nf6 5. Nc3 O-O 6. Bg5 h6 7.
Bxf6 Qxf6 8. Nd5 Qd8 9. c3 d6 10. h3 Ne7 11. O-O Nxd5 12. Bxd5 c6 13. Bb3 a5 14. d4 exd4 15. cxd4 Bb6 16. Re1 Re8 17.
Qd3 a4 18. Bc2 g6 19. Qd2 Kg7 20. Qc3 Ba5 21. Qd3 Bxe1 22. Rxe1 Qa5 23. a3 Be6 24.
Re3 d5 25. Ne5 dxe4 26. Qxe4 Qd5 27. Qf4 Rad8 28. Rg3 Qxd4 29. Nxg6 Qxf4 30. Nxf4+ Kf6 31. Bxa4 Rd4 32. Nh5+ Ke7 33. Bc2 Rd2 34. Rc3 Red8 35. Ng3 R8d4 36. Nf1 Re2 37. Ng3 Re1+ 38. Kh2 Rd2 39.
f3 Rc1 40. Be4 Rxc3 41. bxc3 Ra2 0-1

[Event "Early-Titled-Tuesday-Blitz-February-13-2024"]
[Site "Chess.com"]
[Date "2024.02.13"]
[Round "11"]
[White "GoValya"]
[Black "JiiHart"]
[Result "1-0"]
[WhiteElo "2257"]
[BlackElo "2144"]
[TimeControl "180+1"]
[EndTime "10:08:51 PST"]
[Termination "GoValya won by resignation"]

1. d4 d5 2. c4 c5 3. e3 Nf6 4.
Nc3 Nc6 5. Nf3 e6 6. cxd5 Nxd5 7. Bd3 cxd4 8. exd4 Bd6 9. O-O h6 10. Nxd5 exd5 11.
Re1+ Be6 12. Bf5 Qf6 13. Bxe6 fxe6 14. Qe2 Kd7 15. a3 Rhf8 16. Be3 a6 17. b4 g5 18. h3 b5 19. Rac1 Rfc8 20. Rc2 Na7 21. Rxc8 Rxc8 22. Ne5+ Ke7 23. Qh5 Rc2 24. h4 Bxe5 25.
dxe5 Qf5 26. Bxa7 1-0

[Event "Early-Titled-Tuesday-Blitz-February-13-2024"]
[Site "Chess.com"]
[Date "2024.02.13"]
[Round "11"]
[White "Chandradi"]
[Black "Barbix1"]
[Result "1-0"]
[WhiteElo "2494"]
[BlackElo "2280"]
[TimeControl "180+1"]
[EndTime "10:08:53 PST"]
[Termination "Chandradi won by checkmate"]

1. g3 Nf6 2. Bg2 g6 3. e4 d6 4. Ne2 Bg7 5. O-O O-O 6. h3 e5 7. c3 c5 8. d4 cxd4 9. cxd4 Nc6 10. Be3 exd4 11. Nxd4 d5 12. Nxc6 bxc6 13. e5 Ne4 14. Nd2 Nxd2 15. Qxd2 Bxe5 16. Rfc1 Bd7 17. Bd4 Qf6 18.
Bxe5 Qxe5 19. Re1 Qf6 20. Rac1 Rab8 21. b3 Rfe8 22. Qa5 Qd4 23. Qc7 Be6 24. Qxc6 Rbc8 25. Qa6 Qd2 26. Rcd1 Qb2 27. Re2 Rc2 28. Rxc2 Qxc2 29.
Qd3 Qxa2 30. Bxd5 Bxh3 31. Qf3 Be6 32. Bxe6 Rxe6 33. Rd8+ Kg7 34. Qc3+ Kh6 35. Rd4 Qb1+ 36. Kg2 Re4 37. Rd7 Re1 38. Qd2+ Kg7 39. Qd4+ Kh6 40. Qf4+ Kg7 41. Qxf7+ Kh6 42. Qf8+ Kg5 43. Rd5+ Kg4 44. Qf4# 1-0

[Event "Early-Titled-Tuesday-Blitz-February-13-2024"]
[Site "Chess.com"]
[Date "2024.02.13"]
[Round "11"]
[White "Chess_Gainz"]
[Black "Binary010"]
[Result "0-1"]
[WhiteElo "2563"]
[BlackElo "2884"]
[TimeControl "180+1"]
[EndTime "10:08:54 PST"]
[Termination "Binary010 won by resignation"]

1. e4 a6 2. d4 b5 3. Bd3 Bb7 4. Nf3 e6 5. O-O c5 6. c3 Nf6 7. Qe2 Be7 8. a3 Nc6 9. Nbd2 cxd4 10. cxd4 Rc8 11. e5 Nd5 12. Ne4 h6 13. Be3 Na5 14.
Nfd2 O-O 15. Qh5 Nxe3 16. fxe3 Nc4 17. Nxc4 bxc4 18. Bc2 Bxe4 19. Bxe4 c3 20. bxc3 Rxc3 21.
Rf3 Bg5 22. Re1 Rxa3 23. Kh1 Qa5 24. Ref1 Ra1 25. h4 Rxf1+ 26. Rxf1 Bxe3 27. Rf3 Bxd4 28.
Rd3 Qe1+ 29. Kh2 Qxe4 0-1

[Event "Early-Titled-Tuesday-Blitz-February-13-2024"]
[Site "Chess.com"]
[Date "2024.02.13"]
[Round "11"]
[White "IMRosen"]
[Black "ccccvhhhj"]
[Result "0-1"]
[WhiteElo "2640"]
[BlackElo "2506"]
[TimeControl "180+1"]
[EndTime "10:08:54 PST"]
[Termination "ccccvhhhj won by checkmate"]

1. e4 e6 2. c4 d5 3. cxd5 exd5 4. Qb3 Nf6 5. Nc3 d4 6. e5 dxc3 7. exf6 Qxf6 8. dxc3 Bd6 9. Be3 O-O 10. Bd3 Nc6 11.
Nf3 Ne5 12. Nxe5 Qxe5 13. O-O-O Bf5 14. Rhe1 Bxd3 15. Rxd3 Qxh2 16. Qxb7 Bf4 17. Kc2 Rab8 18. Qxa7 Bxe3 19. Rdxe3 h6 20. Rg3 Qh5 21. Qxc7 Qf5+ 22.
Kc1 Qxf2 23. Ree3 Rxb2 24. Kd1 Qd2# 0-1

[Event "Early-Titled-Tuesday-Blitz-February-13-2024"]
[Site "Chess.com"]
[Date "2024.02.13"]
[Round "11"]
[White "Aash20"]
[Black "davigator"]
[Result "0-1"]
[WhiteElo "2444"]
[BlackElo "2352"]
[TimeControl "180+1"]
[EndTime "10:08:57 PST"]
[Termination "davigator won by checkmate"]

1. e4 c5 2. Nf3 Nc6 3. Bb5 g6 4. O-O Bg7 5. Nc3 Nh6 6. d3 O-O 7. Be3 Nd4 8. Bxd4 cxd4 9. Ne2 Qb6 10. a4 d6 11. Qd2 Ng4 12. h3 Ne5 13. Nxe5 Bxe5 14.
Bc4 e6 15. b4 a6 16. a5 Qa7 17. f4 Bg7 18. Kh1 Kh8 19. Qe1 Bd7 20. Qh4 f5 21. Ng3 Bf6 22. Qh6 Rae8 23. Rae1 Qa8 24. exf5 exf5 25. Rxe8 Qxe8 26. Kh2 Qe7 27. Rf2 Bg7 28. Qg5 Qxg5 29. fxg5 Re8 30. Re2 Re3 31. Rxe3 dxe3 32. Ne2 Be5+ 33. g3 Bc6 34. d4 Bg7 35. d5 Ba4 36. Bd3 h6 37. gxh6 Bxh6 38. Kg2 Kg7 39.
Kf3 Kf6 40. Nd4 Ke5 41. Ne6 Kxd5 42. Nf4+ Bxf4 43. Kxf4 Kd4 44. g4 Bxc2 45. Bxc2 e2 46. Bxf5 gxf5 47. Kxf5 e1=Q 48. h4 Qxh4 49. g5 Qe4+ 50.
Kf6 Qf4+ 51. Kg6 Ke5 52. Kh5 Kf5 53. g6 Qg5# 0-1